 Dungeon Crawl Stone Soup version 0.29.1-15-g9cfb28693d (webtiles) character file.

Game seed: 2003151788097459775

32046 promet the Cleaver (level 13, -4/118 HPs)
             Began as a Minotaur Fighter on Feb 23, 2023.
             Was a High Priest of Uskayaw.
             Slain by a cane toad (9 damage)
             ... while petrified by a basilisk
             ... on level 5 of the Lair of Beasts on Feb 24, 2023.
             The game lasted 01:57:40 (23555 turns).

promet the Cleaver (Minotaur Fighter)              Turns: 23555, Time: 01:57:41

Health: -4/118     AC: 10    Str: 29    XL:     13   Next: 29%
Magic:  0/12       EV:  2    Int:  7    God:    Uskayaw [*****.]
Gold:   614        SH:  0    Dex: 17    Spells: 11/12 levels left

rFire   + + .      SeeInvis .   a - +8 broad axe of Gaolarph {flame, rC++ Stlth+}
rCold   + . .      Faith    .   (no shield)
rNeg    + + +      Spirit   +   A - +4 fire dragon scales
rPois   ∞          Reflect  .   O - +1 hat
rElec   .          Harm     .   (no cloak)
rCorr   .          Rampage  .   (no gloves)
Will    .....                   B - +0 pair of boots
Stlth   +++.......              K - amulet of guardian spirit
HPRegen 0.29/turn               G - +6 ring of dexterity
MPRegen 0.13/turn               M - +6 ring of strength

@: petrified, corroded
A: horns 2, retaliatory headbutt
a: Renounce Religion, Stomp, Line Pass, Grand Finale


You were on level 5 of the Lair of Beasts.
You worshipped Uskayaw.
Uskayaw was noncommittal.
You visited 3 branches of the dungeon, and saw 16 of its levels.

You collected 1692 gold pieces.
You spent 1078 gold pieces at shops.

Inventory:

Hand Weapons
 a - the +8 broad axe of Gaolarph (weapon) {flame, rC++ Stlth+}
   (You acquired it on level 2 of the Lair of Beasts)

   It burns those it strikes, dealing additional fire damage.
   Big, fiery blades are also staple armaments of hydra-hunters.
   rC:        It greatly protects you from cold.
   Stlth:     It makes you more stealthy.
 b - the +8 shortbow "Kolu" {venom, Int+4 Dex+4}
   (You bought it in a shop on level 10 of the Dungeon)

   Any ammunition fired from it poisons the flesh of those it strikes.
   Int:       It affects your intelligence (+4).
   Dex:       It affects your dexterity (+4).
 c - the +7 staff of the Meek {protect, meekguard}
   (You found it on level 6 of the Dungeon)

   It grants its wielder temporary protection when it strikes (+7 to AC).
   It provides extra protection to wielders with little health.
 d - a +8 vampiric spear
 s - a +4 dagger
 v - a +3 great sword
 D - a +2 glaive of flaming
 F - a +1 dagger of venom
 L - a +5 halberd
Missiles
 g - 81 stones
 r - 6 boomerangs (quivered)
 E - 9 poisoned darts
 P - 7 javelins
Armour
 n - a +0 buckler
 A - +4 fire dragon scales (worn)
 B - a +0 pair of boots (worn)
 O - a +1 hat (worn)
 Q - a +4 ring mail of willpower
Jewellery
 l - a ring of wizardry
 G - a +6 ring of dexterity (left hand)
 J - a ring of protection from cold
 K - an amulet of guardian spirit (around neck)
 M - a +6 ring of strength (right hand)
 R - a ring of fire
Wands
 j - a wand of digging (6)
 o - a wand of acid (4)
 t - a wand of mindburst (6)
 x - a wand of polymorph (2)
 y - a wand of iceblast (9)
 C - a wand of charming (16)
Scrolls
 f - 10 scrolls of identify
 k - 4 scrolls of amnesia
 m - 5 scrolls of butterflies
 q - 4 scrolls of teleportation
 w - 4 scrolls of blinking
 z - a scroll of poison
 N - a scroll of magic mapping
Potions
 e - 3 potions of heal wounds
 h - a potion of resistance
 i - a potion of flight
 p - 3 potions of curing
 u - 3 potions of invisibility
 H - 6 potions of ambrosia
 I - 2 potions of might


   Skills:
 + Level 12.1 Fighting
 + Level 13.8(13.9) Axes
 + Level 0.3(10.6) Polearms
 + Level 9.2 Staves
 + Level 9.6 Ranged Weapons
 + Level 3.1 Throwing
 + Level 11.8 Armour
 + Level 3.7 Dodging
 + Level 5.6 Stealth
 + Level 5.1 Shields
 + Level 2.3 Evocations


You had 11 spell levels left.
You knew the following spells:

 Your Spells              Type           Power      Damage    Failure   Level
a - Shock                 Conj/Air       0%         1d3       67%         1

Your spell library contained the following spells:

 Spells                   Type           Power      Damage    Failure   Level
 Poisonous Vapours        Pois/Air       0%         N/A       82%         2
 Static Discharge         Conj/Air       0%         3-3/arc   82%         2
 Confusing Touch          Hex            0%         N/A       96%         3
 Conjure Flame            Conj/Fire      0%         6-21      96%         3
 Ignite Poison            Fire/Tmut/Pois 0%         N/A       96%         3
 Inner Flame              Hex/Fire       0%         N/A       96%         3
 Swiftness                Air            0%         N/A       96%         3
 Airstrike                Air            0%         2d(0-16)  100%        4
 Cause Fear               Hex            0%         N/A       100%        4
 Corpse Rot               Necr/Pois/Air  0%         N/A       100%        4
 Dispel Undead            Necr           0%         3d6       100%        4
 Leda's Liquefaction      Hex/Erth       0%         N/A       100%        4
 Sticky Flame             Conj/Fire      0%         2d3       100%        4
 Alistair's Intoxication  Tmut/Pois      0%         N/A       100%        5
 Borgnjor's Vile Clutch   Necr/Erth      0%         N/A       100%        5
 Lee's Rapid Deconstruct  Erth           0%         3d5*      100%        5
 Lightning Bolt           Conj/Air       0%         1d11      100%        5
 Yara's Violent Unravell  Hex/Tmut       0%         3d3       100%        5
 Dispersal                Tloc           0%         N/A       100%        6
 Eringya's Noxious Bog    Tmut/Pois      0%         N/A       100%        6
 Statue Form              Tmut/Erth      0%         N/A       100%        6
 Enfeeble                 Hex            0%         N/A       100%        7
 Discord                  Hex            0%         N/A       100%        8
 Disjunction              Tloc           0%         N/A       100%        8
 Maxwell's Capacitive Co  Air            0%         ∞         100%        8


Dungeon Overview and Level Annotations

Branches:
Dungeon (10/15)            Temple (1/1) D:6            Lair (5/5) D:8
  Swamp (0/4) Lair:3       Spider (0/4) Lair:2        Slime (0/5) Lair:4
    Orc: D:9-12

Altars:
Ashenzari
Fedhas
Nemelex Xobeh
Okawaru
Uskayaw
Vehumet
Yredelemnul
Zin
Jiyva

Shops:
D:10 (

Annotations:
Lair:1 1 runed translucent door
Lair:2 exclusion: oklob plant


Innate Abilities, Weirdness & Mutations

You have a pair of horns on your head.
You reflexively headbutt those who attack you in melee.


Message History

3 dream sheep come into view.
The dream sheep bleats! x2
The cane toad is no longer paralysed.
The polar bear is no longer paralysed.
A dream sheep comes into view.
The cane toad stings you! The cane toad stings you! The polar bear bites you.
The polar bear claws you but does no damage. x2
The cane toad stings you.
The cane toad stings you! x2; The polar bear completely misses you.
The polar bear claws you but does no damage.
The polar bear claws you.
The cane toad stings you but does no damage. x2
The goliath frog hits you from afar! The acid corrodes you!
You are splashed with acid!
* * * LOW HITPOINT WARNING * * *
The cane toad stings you but does no damage.
The bullfrog gives a loud, deep croak!
The dream sheep bleats!
You hear a bleat!
The cane toad stings you. The polar bear bites you.
* * * LOW HITPOINT WARNING * * *
The polar bear claws you but does no damage. x2
The goliath frog hits you from afar.
* * * LOW HITPOINT WARNING * * *
You are splashed with acid.
* * * LOW HITPOINT WARNING * * *
The cane toad stings you!
* * * LOW HITPOINT WARNING * * *
The cane toad stings you!
* * * LOW HITPOINT WARNING * * *
The cane toad completely misses you. The polar bear bites you.
* * * LOW HITPOINT WARNING * * *
The polar bear claws you but does no damage. x2
The goliath frog hits you from afar.
* * * LOW HITPOINT WARNING * * *
The acid corrodes you!
You are splashed with acid!
* * * LOW HITPOINT WARNING * * *
The cane toad stings you!!
* * * LOW HITPOINT WARNING * * *
The cane toad stings you!!
You die...

##### #~~P# ##≈#P~.#
## ####~~PFF@#
~F####~~~~~~FhFFY.Y...
?yP.~~≈~~≈≈~FwYY......
Fy~~P~~~≈≈~~y~~....#..
~~FF≈~≈≈≈~≈~~.....##
~.~~~~≈≈≈~~~~...#..
.~~~~~†≈†~~≈≈P.P..#. ~
~~~y~~~~†~~~~~...#...
# ≈~≈~~~w~~~~~PP~


You could see a tyrant leech, a polar bear, a goliath frog, 3 cane toads, a
blink frog, a vampire mosquito, a bullfrog and 4 dream sheep.

Vanquished Creatures
  A boulder beetle (Lair:3)
  4 hydras
  3 two-headed ogres
  Urug (Lair:1)
  An orb spider (Lair:2)
  3 black mambas
  4 rime drakes
  7 cane toads
  An unseen horror zombie (D:8)
  7 komodo dragons
  A queen bee (D:9)
  3 tyrant leeches
  2 trolls
  A polar bear (Lair:5)
  3 slime creatures (Lair:4)
  11 blink frogs
  7 dream sheep
  32 yaks
  2 wraiths (D:10)
  A shadow (D:10)
  2 wyverns (Lair:3)
  5 basilisks
  2 steam dragons
  An acid dragon (D:9)
  A water moccasin (Lair:5)
  7 orc warriors
  An ice beast (D:6)
  3 sky beasts
  A black bear (Lair:3)
  3 ogres
  2 centaurs
  24 wolves
  10 bullfrogs
  2 necrophages
  A scorpion (D:6)
  2 wyvern zombies (D:8)
  A gnoll sergeant (D:8)
  10 wights (D:8)
  36 killer bees
  4 electric eels (D:8)
  A howler monkey (D:10)
  A centaur zombie (D:8)
  A human zombie (D:8)
  2 jellies
  8 orc priests
  12 hounds
  2 gnoll boudas
  5 iguanas
  15 orc wizards
  3 killer bee zombies (D:8)
  A mummy (D:8)
  14 gnolls
  5 adders
  A shadow imp (D:4)
  A white imp (D:5)
  2 dart slugs (D:1)
  42 orcs
  4 bats
  5 endoplasms
  5 giant cockroaches
  3 hobgoblins
  8 jackals
  6 quokkas
  4 ball pythons
  5 frilled lizards
  4 goblins
  9 kobolds
  8 rats
390 creatures vanquished.

Vanquished Creatures (others)
  A hornet (D:9)
  A wolf (Lair:4)
  19 fungi
  60 plants
81 creatures vanquished.

Grand Total: 471 creatures vanquished

Notes
Turn   | Place    | Note
-------+----------+-------------------------------------------
     0 | D:1      | promet the Minotaur Fighter began the quest for the Orb.
     0 | D:1      | Reached XP level 1. HP: 19/19 MP: 0/0
   234 | D:1      | Reached XP level 2. HP: 27/27 MP: 1/1
   605 | D:1      | Reached XP level 3. HP: 32/33 MP: 2/2
  1244 | D:2      | Reached skill level 3 in Axes
  1668 | D:2      | Found a faded altar of an unknown god.
  1712 | D:3      | Reached XP level 4. HP: 41/41 MP: 3/3
  1878 | D:3      | Reached skill level 4 in Axes
  1984 | D:3      | Noticed an ogre
  2115 | D:3      | Reached XP level 5. HP: 35/47 MP: 4/4
  2631 | D:4      | Reached skill level 5 in Axes
  3154 | D:4      | Reached XP level 6. HP: 45/55 MP: 5/5
  3374 | D:3      | Reached skill level 6 in Axes
  3538 | D:4      | Reached skill level 5 in Armour
  4005 | D:5      | Entered Level 5 of the Dungeon
  4013 | D:5      | Reached skill level 5 in Fighting
  4097 | D:5      | Reached XP level 7. HP: 51/61 MP: 6/6
  4482 | D:5      | Identified the +1 robe of the Arcane {rN+ Regen+}
  4512 | D:5      | Reached skill level 7 in Axes
  5210 | D:5      | Reached skill level 1 in Throwing
  5210 | D:5      | Reached skill level 1 in Dodging
  5210 | D:5      | Reached skill level 5 in Shields
  5866 | D:6      | Found a staircase to the Ecumenical Temple.
  5879 | Temple   | Entered the Ecumenical Temple
  5922 | Temple   | Became a worshipper of Uskayaw the Reveller
  6106 | D:6      | Reached * piety under Uskayaw
  6360 | D:6      | Reached ** piety under Uskayaw
  6362 | D:6      | Reached XP level 8. HP: 68/70 MP: 7/7
  6552 | D:6      | Reached skill level 1 in Ranged Weapons
  6661 | D:6      | Reached skill level 8 in Axes
  6850 | D:6      | Found the +7 staff of the Meek {protect, meekguard}
  7307 | D:7      | Reached skill level 1 in Staves
  7510 | D:7      | Reached *** piety under Uskayaw
  8305 | D:7      | Reached XP level 9. HP: 69/78 MP: 8/8
  8567 | D:8      | Noticed a troll
  8593 | D:8      | Killed a troll
  8594 | D:8      | Reached skill level 5 in Staves
  8597 | D:8      | Reached **** piety under Uskayaw
  9103 | D:8      | Reached skill level 1 in Stealth
  9266 | D:8      | Found a staircase to the Lair.
  9329 | D:8      | Noticed a two-headed ogre
 10276 | D:8      | Reached skill level 5 in Ranged Weapons
 10298 | D:8      | Found a basalt altar of Yredelemnul.
 10414 | D:8      | Reached XP level 10. HP: 75/86 MP: 9/9
 11119 | D:8      | Killed a two-headed ogre
 11120 | D:8      | Reached skill level 9 in Axes
 11481 | D:9      | Noticed a two-headed ogre
 11865 | D:9      | Killed a two-headed ogre
 11866 | D:9      | Reached skill level 1 in Evocations
 11950 | D:9      | Found a blossoming altar of Fedhas.
 11951 | D:9      | Found an iron altar of Okawaru.
 11954 | D:9      | Found a sparkling altar of Nemelex Xobeh.
 12373 | D:9      | Noticed a two-headed ogre
 12396 | D:9      | Killed a two-headed ogre
 13595 | D:9      | Reached XP level 11. HP: 95/95 MP: 10/10
 13753 | D:10     | Entered Level 10 of the Dungeon
 14325 | D:10     | Reached ***** piety under Uskayaw
 14761 | D:10     | Reached skill level 10 in Axes
 14871 | D:10     | Found Ocvud's Weapon Shop.
 15438 | Lair:1   | Entered Level 1 of the Lair of Beasts
 15550 | Lair:1   | Noticed Urug
 15566 | Lair:1   | Killed Urug
 15838 | Lair:1   | Found a runed translucent door.
 15924 | Lair:1   | Reached skill level 10 in Armour
 16251 | Lair:1   | Reached skill level 11 in Axes
 16309 | Lair:1   | Noticed an eight-headed hydra
 16319 | Lair:1   | Killed an eight-headed hydra
 16998 | Lair:2   | Noticed an oklob plant
 17681 | Lair:2   | Reached XP level 12. HP: 74/106 MP: 11/11
 17683 | Lair:2   | Reached skill level 10 in Fighting
 17693 | Lair:2   | Reached ****** piety under Uskayaw
 18333 | Lair:2   | Reached skill level 12 in Axes
 18547 | Lair:2   | Reached skill level 5 in Stealth
 18857 | Lair:2   | Found a hole to the Spider Nest.
 19372 | Lair:2   | Identified 2 scrolls of acquirement
 19373 | Lair:2   | Acquired the +8 broad axe of Gaolarph {flame, rC++ Stlth+}
 19376 | Lair:2   | Acquired 599 gold pieces
 19482 | D:10     | Bought the +8 shortbow "Kolu" {venom, Int+4 Dex+4} for 1078
                  | gold pieces
 19904 | Lair:3   | Noticed a boulder beetle
 19921 | Lair:3   | Killed a boulder beetle
 20192 | Lair:3   | Learned a level 1 spell: Shock
 20322 | Lair:3   | Reached skill level 13 in Axes
 21502 | Lair:3   | Noticed a five-headed hydra
 21512 | Lair:3   | Killed a two-headed hydra
 21550 | Lair:3   | Noticed an eight-headed hydra
 21558 | Lair:3   | Killed a six-headed hydra
 21787 | Lair:3   | Found a staircase to the Swamp.
 21925 | Lair:4   | Noticed a seven-headed hydra
 21933 | Lair:4   | Killed a three-headed hydra
 22072 | Lair:4   | Identified the +0 shortbow "Ucraututs" {freeze, rF++ Int+5
                  | Stlth-}
 22127 | Lair:4   | Reached XP level 13. HP: 113/116 MP: 12/12
 22471 | Lair:4   | Found a staircase to the Slime Pits.
 22472 | Lair:4   | Found a viscous altar of Jiyva.
 23144 | Lair:5   | Entered Level 5 of the Lair of Beasts
 23555 | Lair:5   | HP: 5/118 [cane toad (8)]
 23555 | Lair:5   | Slain by a cane toad

Illustrated notes

Levels and vault maps discovered:
D:1:      beargit_arrival_greenhouse, layout_basic, kennysheep_another_room
D:2:      layout_rooms, shapermc_ecumenical_altar_petra,
          hangedman_decor_diamond_cutter
D:3:      layout_basic
D:4:      layout_cave_pools
D:5:      layout_layer_cave, kennysheep_crisscross
D:6:      layout_gridville, minmay_temple_entry_drinking_statues
D:7:      kennysheep_six_static_rooms, layout_basic
D:8:      layout_loops_ring, lemuel_mausoleum_altar_yredelemnul,
          erik_lair_island
D:9:      layout_gridville, gammafunk_temple_overflow_claw, special_room
          [special_room_bee], nrook_campfire
D:10:     minmay_goldmine, layout_rooms, serial_shops, nicolae_shop_trees,
          st_stairs_4
Temple:   dpeg_five_rooms_temple
Lair:1:   dreamdust_labyrinth, layout_chaotic_city, grunt_megastairs_4,
          uniq_urug
Lair:2:   layout_cave_pods, nicolae_spider_entry_orb_guardian
Lair:3:   layout_gridlike, palyth_hydra_swamp_entry, infiniplex_staircase_pool
Lair:4:   layout_roguey, minmay_slime_entry_pillars,
          chequers_serial_rivers_small_a, serial_bayou_shore_b
Lair:5:   minmay_lair_end_frog_pond, layout_loops_ring,
          kennysheep_basilisk_garden

Skill      XL: |  1  2  3  4  5  6  7  8  9 10 11 12 13 |
---------------+----------------------------------------+-----
Shields        | 4 5 |  5.1
Fighting       | 4 5 6 7 8 9 11 12 | 12.1
Armour         | 4 5 6 7 9 10 11 | 11.8
Axes           | 3 4 5 6 7 8 9 11 13 | 13.8
Throwing       | 1 2 3 |  3.1
Dodging        | 1 2 3 |  3.7
Ranged Weapons | 3 5 6 7 9 |  9.6
Staves         | 4 7 9 |  9.2
Stealth        | 2 3 4 5 |  5.6
Evocations     | 1 2 |  2.3
Polearms       | |  0.3

Action                   |  1- 3 |  4- 6 |  7- 9 | 10-12 | 13-15 || total
-------------------------+-------+-------+-------+-------+-------++-------
Melee: War axe           |    79 |    97 |    83 |       |       ||   259
       Headbutt          |     8 |    15 |    53 |    70 |    11 ||   157
       Quarterstaff      |       |       |   130 |    93 |     4 ||   227
       Battleaxe         |       |       |    29 |   208 |       ||   237
       Spear             |       |       |     5 |     3 |       ||     8
       Broad axe         |       |       |       |    59 |    46 ||   105
 Fire: Shortbow          |       |       |    77 |   149 |    17 ||   243
Throw: Boomerang         |       |     8 |     4 |    22 |     3 ||    37
       Dart              |       |       |       |    11 |       ||    11
       Throwing net      |       |       |       |     1 |       ||     1
Invok: Stomp             |       |       |       |     3 |       ||     3
Evoke: Wand              |       |       |     4 |    20 |       ||    24
  Use: Scroll            |     5 |     4 |    11 |     9 |     2 ||    31
       Potion            |       |     1 |     3 |     4 |     1 ||     9
 Stab: Paralysed         |       |       |     7 |    22 |    13 ||    42
       Held in net/web   |       |       |       |     2 |       ||     2
       Invisible         |       |       |       |     1 |       ||     1
       Sleeping          |       |       |       |     1 |     1 ||     2
Armor: Scale mail        |    26 |       |       |       |       ||    26
       Plate armour      |     8 |    80 |    13 |       |       ||   101
       Fire dragon scale |       |       |   152 |   230 |    48 ||   430
Dodge: Dodged            |    29 |    33 |   130 |   222 |    18 ||   432
Block: Buckler           |    13 |    27 |     9 |       |       ||    49
